2961 views
Uploaded 2020-02-05 22:26:56
Game version 1.32 / 1.32.1
27:32 long 4on4 ladder game on (8)Sanctuary_LV
Saved by BEARAND
2961 views
Uploaded 2020-02-05 22:26:56
Game version 1.32 / 1.32.1
27:32 long 4on4 ladder game on (8)Sanctuary_LV


110 units @ 12.7k
/ 1.5k
344 buildings @ 23.4k
/ 13.9k

| Acolyte | 13 | 975 | / | 0 |
| Ghoul | 3 | 360 | / | 0 |
| Necromancer | 14 | 2030 | / | 280 |
| total: | 30 | 3365g | / | 280w |
| Spirit Tower | 6 | 870 | / | 240 |
| Nerubian Tower | 5 | 500 | / | 100 |
| Altar of Darkness | 1 | 180 | / | 50 |
| Ziggurat | 11 | 1650 | / | 550 |
| Graveyard | 1 | 215 | / | 0 |
| Crypt | 1 | 200 | / | 50 |
| Temple of the Damned | 2 | 310 | / | 280 |
| Sacrificial Pit | 1 | 75 | / | 150 |
| Boneyard | 2 | 350 | / | 400 |
| Halls of the Dead | 1 | 320 | / | 210 |
| Black Citadel | 1 | 325 | / | 230 |
| total: | 19 | 2980g | / | 1480w |
| 0:12 | Altar of Darkness |
| 0:28 | Ziggurat |
| 0:33 | Ziggurat |
| 0:50 | Acolyte |
| 0:51 | Acolyte |
| 1:24 | Acolyte |
| 1:34 | Graveyard |
| 1:44 | Crypt |
| 2:21 | Carrion Beetles |
| 2:51 | Ghoul |
| 2:52 | Ghoul |
| 2:53 | Ghoul |
| 3:50 | Halls of the Dead |
| 5:34 | Impale |
| 6:20 | Temple of the Damned |
| 6:34 | Temple of the Damned |
| 7:28 | Black Citadel |
| 8:12 | Necromancer |
| 8:12 | Necromancer |
| 8:13 | Necromancer |
| 8:13 | Necromancer |
| 9:03 | Ziggurat |
| 9:06 | Ziggurat |
| 9:09 | Ziggurat |
| 10:39 | Necromancer |
| 10:40 | Skeletal Mastery |
| 10:40 | Necromancer Adept Training |
| 10:45 | Acolyte |
| 10:46 | Acolyte |
| 10:46 | Acolyte |
| 10:46 | Acolyte |
| 10:48 | Acolyte |
| 12:18 | Necromancer Master Training |
| 12:33 | Carrion Beetles |
| 13:04 | Acolyte |
| 15:13 | Necromancer |
| 15:14 | Necromancer |
| 17:03 | Spiked Carapace |
| 21:07 | Necromancer |
| 21:07 | Necromancer |
| 21:07 | Necromancer |
| 21:08 | Necromancer |
| 21:08 | Necromancer |
| 21:08 | Necromancer |
| 21:08 | Necromancer |
| 21:42 | Unholy Strength |
| 21:44 | Unholy Armor |
| 21:52 | Cannibalize |
| 21:57 | Spirit Tower |
| 21:59 | Nerubian Tower |
| 22:00 | Spirit Tower |
| 22:01 | Nerubian Tower |
| 22:03 | Spirit Tower |
| 22:14 | Ziggurat |
| 22:20 | Ziggurat |
| 22:22 | Ziggurat |
| 22:25 | Ziggurat |
| 22:27 | Ziggurat |
| 22:29 | Ziggurat |
| 22:36 | Acolyte |
| 22:36 | Acolyte |
| 22:36 | Acolyte |
| 22:37 | Acolyte |
| 22:47 | Improved Unholy Strength |
| 23:37 | Nerubian Tower |
| 23:39 | Spirit Tower |
| 23:40 | Nerubian Tower |
| 23:41 | Spirit Tower |
| 23:42 | Nerubian Tower |
| 23:44 | Spirit Tower |
| 24:54 | Sacrificial Pit |
| 25:54 | Carrion Beetles |
| 26:25 | Advanced Unholy Strength |
| 26:25 | Improved Unholy Armor |
| 26:30 | Boneyard |
| 26:34 | Boneyard |
| Select | 247 |
| Right click | 244 |
| Chat | 186 |
| Build/train/purchase | 84 |
| Use ability | 13 |
| Misc. action | 9 |
| Minimap ping | 5 |
| Remove unit | 1 |



| Lesser Clarity Potion | 1 | 70 |
| Potion of Healing | 5 | 750 |
| Staff of Sanctuary | 3 | 750 |
| Boots of Speed | 3 | 750 |
| Staff of Teleportation | 3 | 450 |
| Periapt of Vitality | 1 | 325 |
| Healing Salve | 3 | 300 |
| Orb of Lightning | 2 | 750 |
| total: | 21 | 4145g |
| Peasant | 17 | 1275 | / | 0 |
| Priest | 1 | 135 | / | 10 |
| Dragonhawk Rider | 4 | 800 | / | 120 |
| Goblin Shredder | 1 | 375 | / | 100 |
| total: | 23 | 2585g | / | 230w |
| Scout Tower | 65 | 1950 | / | 1300 |
| Arcane Tower | 5 | 350 | / | 250 |
| Guard Tower | 40 | 2800 | / | 2000 |
| Altar of Kings | 1 | 180 | / | 50 |
| Farm | 5 | 400 | / | 100 |
| Lumber Mill | 1 | 120 | / | 0 |
| Arcane Vault | 3 | 390 | / | 90 |
| Town Hall | 1 | 385 | / | 205 |
| Blacksmith | 1 | 140 | / | 60 |
| Barracks | 1 | 160 | / | 60 |
| Arcane Sanctum | 1 | 150 | / | 140 |
| Gryphon Aviary | 1 | 140 | / | 150 |
| Keep | 1 | 320 | / | 210 |
| Castle | 1 | 360 | / | 210 |
| total: | 80 | 4015g | / | 2155w |
| 0:02 | Peasant |
| 0:02 | Peasant |
| 0:09 | Altar of Kings |
| 0:18 | Peasant |
| 0:30 | Peasant |
| 0:42 | Farm |
| 0:52 | Lumber Mill |
| 0:54 | Peasant |
| 0:58 | Scout Tower |
| 1:07 | Peasant |
| 1:15 | Peasant |
| 1:39 | Scout Tower |
| 1:40 | Arcane Tower |
| 1:43 | Peasant |
| 1:48 | Farm |
| 1:57 | Peasant |
| 2:11 | Guard Tower |
| 2:13 | Scout Tower |
| 2:14 | Scout Tower |
| 2:15 | Blizzard |
| 2:42 | Guard Tower |
| 2:43 | Peasant |
| 2:43 | Peasant |
| 2:43 | Peasant |
| 2:43 | Peasant |
| 2:44 | Peasant |
| 3:10 | Guard Tower |
| 3:11 | Scout Tower |
| 3:12 | Scout Tower |
| 3:18 | Arcane Vault |
| 4:03 | Brilliance Aura |
| 4:18 | Town Hall |
| 4:30 | Scout Tower |
| 4:30 | Scout Tower |
| 4:31 | Scout Tower |
| 4:32 | Scout Tower |
| 4:32 | Scout Tower |
| 4:33 | Scout Tower |
| 4:53 | Boots of Speed |
| 4:53 | Staff of Teleportation |
| 5:04 | Healing Salve |
| 5:06 | Guard Tower |
| 5:06 | Guard Tower |
| 5:27 | Guard Tower |
| 5:58 | Keep |
| 6:20 | Guard Tower |
| 6:21 | Guard Tower |
| 6:23 | Peasant |
| 6:24 | Peasant |
| 6:24 | Peasant |
| 7:02 | Guard Tower |
| 7:04 | Improved Masonry |
| 7:07 | Farm |
| 7:07 | Farm |
| 7:12 | Scout Tower |
| 7:13 | Scout Tower |
| 7:13 | Scout Tower |
| 7:14 | Scout Tower |
| 7:14 | Scout Tower |
| 7:16 | Arcane Tower |
| 7:18 | Scout Tower |
| 7:19 | Scout Tower |
| 7:20 | Scout Tower |
| 7:20 | Scout Tower |
| 7:20 | Scout Tower |
| 7:46 | Guard Tower |
| 8:26 | Arcane Sanctum |
| 8:36 | Guard Tower |
| 8:49 | Blizzard |
| 8:54 | Goblin Shredder |
| 9:13 | Guard Tower |
| 9:17 | Storm Bolt |
| 10:40 | Castle |
| 10:41 | Guard Tower |
| 10:42 | Scout Tower |
| 10:42 | Scout Tower |
| 10:43 | Scout Tower |
| 10:43 | Scout Tower |
| 10:44 | Scout Tower |
| 10:44 | Scout Tower |
| 10:51 | Guard Tower |
| 10:52 | Guard Tower |
| 10:54 | Scout Tower |
| 10:55 | Scout Tower |
| 10:55 | Scout Tower |
| 10:56 | Scout Tower |
| 10:56 | Scout Tower |
| 10:57 | Scout Tower |
| 11:10 | Guard Tower |
| 11:11 | Magic Sentry |
| 11:11 | Priest |
| 11:54 | Guard Tower |
| 11:56 | Gryphon Aviary |
| 11:57 | Blacksmith |
| 12:10 | Orb of Lightning |
| 12:10 | Healing Salve |
| 12:12 | Lesser Clarity Potion |
| 12:22 | Guard Tower |
| 12:24 | Priest Adept Training |
| 12:25 | Advanced Masonry |
| 12:26 | Improved Lumber Harvesting |
| 12:40 | Guard Tower |
| 12:41 | Guard Tower |
| 12:41 | Guard Tower |
| 13:07 | Bash |
| 13:20 | Guard Tower |
| 13:22 | Scout Tower |
| 13:23 | Scout Tower |
| 13:25 | Scout Tower |
| 13:25 | Scout Tower |
| 13:26 | Scout Tower |
| 13:26 | Scout Tower |
| 14:18 | Arcane Tower |
| 14:19 | Arcane Tower |
| 14:20 | Imbued Masonry |
| 14:22 | Dragonhawk Rider |
| 14:22 | Dragonhawk Rider |
| 14:26 | Farm |
| 14:29 | Sorceress Adept Training |
| 14:33 | Barracks |
| 14:35 | Scout Tower |
| 14:35 | Scout Tower |
| 14:36 | Scout Tower |
| 14:36 | Scout Tower |
| 14:36 | Scout Tower |
| 14:37 | Scout Tower |
| 14:48 | Guard Tower |
| 14:55 | Guard Tower |
| 14:56 | Guard Tower |
| 15:10 | Holy Light |
| 15:17 | Healing Salve |
| 15:17 | Orb of Lightning |
| 15:20 | Arcane Vault |
| 15:25 | Boots of Speed |
| 16:23 | Brilliance Aura |
| 16:28 | Potion of Healing |
| 16:29 | Potion of Healing |
| 16:29 | Potion of Healing |
| 16:29 | Potion of Healing |
| 16:38 | Brilliance Aura |
| 17:02 | Potion of Healing |
| 17:23 | Arcane Vault |
| 17:27 | Guard Tower |
| 17:28 | Scout Tower |
| 17:28 | Scout Tower |
| 17:29 | Scout Tower |
| 17:29 | Scout Tower |
| 17:30 | Scout Tower |
| 17:30 | Scout Tower |
| 17:31 | Scout Tower |
| 17:31 | Scout Tower |
| 17:31 | Scout Tower |
| 17:31 | Scout Tower |
| 18:15 | Boots of Speed |
| 18:15 | Staff of Teleportation |
| 18:30 | Staff of Sanctuary |
| 18:34 | Guard Tower |
| 18:47 | Staff of Sanctuary |
| 20:08 | Dragonhawk Rider |
| 21:09 | Animal War Training |
| 21:10 | Iron Forged Swords |
| 21:10 | Studded Leather Armor |
| 21:12 | Steel Forged Swords |
| 21:46 | Staff of Sanctuary |
| 22:14 | Staff of Teleportation |
| 22:21 | Periapt of Vitality |
| 24:57 | Dragonhawk Rider |
| 25:35 | Guard Tower |
| 25:38 | Scout Tower |
| 25:39 | Scout Tower |
| 25:39 | Scout Tower |
| 25:40 | Scout Tower |
| 25:40 | Scout Tower |
| 25:41 | Scout Tower |
| 25:41 | Scout Tower |
| 25:41 | Scout Tower |
| 25:42 | Scout Tower |
| 25:44 | Divine Shield |
| 26:04 | Blizzard |
| 26:26 | Guard Tower |
| 26:44 | Holy Light |
| Right click | 2227 |
| Select | 598 |
| Select group | 321 |
| Build/train/purchase | 182 |
| Chat | 164 |
| Use ability | 92 |
| Misc. action | 23 |
| Assign group | 16 |
| Minimap ping | 15 |
| Item give/drop | 7 |
| Remove unit | 2 |



| Lesser Clarity Potion | 5 | 350 |
| Staff of Sanctuary | 2 | 500 |
| Scroll of Regeneration | 1 | 100 |
| Scroll of Town Portal | 2 | 700 |
| Staff of Teleportation | 3 | 450 |
| Boots of Speed | 3 | 750 |
| Healing Salve | 4 | 400 |
| Orb of Lightning | 3 | 1125 |
| total: | 23 | 4375g |
| Peasant | 22 | 1650 | / | 0 |
| Sorceress | 2 | 310 | / | 40 |
| Priest | 1 | 135 | / | 10 |
| Goblin Zeppelin | 2 | 480 | / | 120 |
| Goblin Shredder | 1 | 375 | / | 100 |
| total: | 28 | 2950g | / | 270w |
| Scout Tower | 156 | 4680 | / | 3120 |
| Arcane Tower | 3 | 210 | / | 150 |
| Guard Tower | 30 | 2100 | / | 1500 |
| Altar of Kings | 1 | 180 | / | 50 |
| Farm | 8 | 640 | / | 160 |
| Lumber Mill | 2 | 240 | / | 0 |
| Town Hall | 2 | 770 | / | 410 |
| Arcane Vault | 1 | 130 | / | 30 |
| Arcane Sanctum | 2 | 300 | / | 280 |
| Keep | 1 | 320 | / | 210 |
| Castle | 1 | 360 | / | 210 |
| total: | 172 | 6940g | / | 4050w |
| 0:03 | Peasant |
| 0:04 | Peasant |
| 0:07 | Altar of Kings |
| 0:09 | Farm |
| 0:15 | Peasant |
| 0:27 | Peasant |
| 0:32 | Farm |
| 0:36 | Peasant |
| 0:49 | Peasant |
| 0:51 | Farm |
| 1:02 | Peasant |
| 1:07 | Lumber Mill |
| 1:14 | Peasant |
| 1:29 | Scout Tower |
| 1:30 | Peasant |
| 1:33 | Scout Tower |
| 1:40 | Peasant |
| 1:45 | Peasant |
| 1:55 | Scout Tower |
| 1:57 | Arcane Tower |
| 2:05 | Peasant |
| 2:07 | Blizzard |
| 2:16 | Farm |
| 2:18 | Farm |
| 2:22 | Guard Tower |
| 2:31 | Scout Tower |
| 2:36 | Scout Tower |
| 2:41 | Peasant |
| 2:56 | Peasant |
| 3:02 | Guard Tower |
| 3:05 | Guard Tower |
| 3:10 | Scout Tower |
| 3:18 | Scout Tower |
| 3:22 | Peasant |
| 3:23 | Peasant |
| 3:24 | Arcane Tower |
| 3:27 | Improved Masonry |
| 3:38 | Guard Tower |
| 3:53 | Guard Tower |
| 4:18 | Keep |
| 5:25 | Town Hall |
| 5:27 | Scout Tower |
| 6:04 | Scout Tower |
| 6:05 | Arcane Tower |
| 6:17 | Scout Tower |
| 6:19 | Scout Tower |
| 6:19 | Scout Tower |
| 6:20 | Scout Tower |
| 6:21 | Scout Tower |
| 6:22 | Scout Tower |
| 6:23 | Scout Tower |
| 6:23 | Scout Tower |
| 6:32 | Guard Tower |
| 6:33 | Scout Tower |
| 6:46 | Castle |
| 6:50 | Guard Tower |
| 6:53 | Farm |
| 6:55 | Advanced Masonry |
| 6:55 | Improved Lumber Harvesting |
| 7:02 | Guard Tower |
| 7:17 | Guard Tower |
| 7:25 | Healing Salve |
| 7:25 | Lesser Clarity Potion |
| 7:39 | Scout Tower |
| 7:40 | Scout Tower |
| 7:42 | Guard Tower |
| 8:20 | Guard Tower |
| 8:35 | Peasant |
| 8:36 | Peasant |
| 8:38 | Arcane Vault |
| 9:00 | Flame Strike |
| 9:26 | Imbued Masonry |
| 9:26 | Advanced Lumber Harvesting |
| 9:32 | Brilliance Aura |
| 9:44 | Peasant |
| 9:44 | Peasant |
| 9:45 | Peasant |
| 9:45 | Peasant |
| 9:53 | Scout Tower |
| 9:54 | Scout Tower |
| 9:54 | Scout Tower |
| 10:05 | Rain of Fire |
| 10:43 | Guard Tower |
| 10:46 | Farm |
| 10:48 | Farm |
| 10:51 | Goblin Zeppelin |
| 11:08 | Staff of Teleportation |
| 11:08 | Boots of Speed |
| 11:08 | Boots of Speed |
| 11:37 | Arcane Sanctum |
| 11:40 | Scout Tower |
| 11:40 | Scout Tower |
| 11:41 | Scout Tower |
| 11:41 | Scout Tower |
| 11:42 | Scout Tower |
| 11:42 | Scout Tower |
| 12:00 | Siphon Mana |
| 12:02 | Orb of Lightning |
| 12:03 | Healing Salve |
| 12:03 | Lesser Clarity Potion |
| 12:08 | Healing Salve |
| 12:10 | Scroll of Town Portal |
| 12:17 | Guard Tower |
| 12:18 | Scout Tower |
| 12:19 | Scout Tower |
| 12:20 | Scout Tower |
| 12:29 | Goblin Shredder |
| 13:10 | Blizzard |
| 13:27 | Scout Tower |
| 13:28 | Scout Tower |
| 13:29 | Scout Tower |
| 13:29 | Scout Tower |
| 13:30 | Scout Tower |
| 13:30 | Scout Tower |
| 13:31 | Scout Tower |
| 13:31 | Scout Tower |
| 13:37 | Guard Tower |
| 13:39 | Town Hall |
| 13:55 | Sorceress |
| 13:55 | Sorceress Adept Training |
| 13:56 | Magic Sentry |
| 14:01 | Goblin Zeppelin |
| 14:07 | Scout Tower |
| 14:08 | Scout Tower |
| 14:08 | Scout Tower |
| 14:08 | Scout Tower |
| 14:09 | Scout Tower |
| 14:09 | Scout Tower |
| 14:10 | Scout Tower |
| 14:10 | Scout Tower |
| 14:10 | Scout Tower |
| 14:11 | Scout Tower |
| 14:11 | Scout Tower |
| 14:12 | Scout Tower |
| 14:12 | Scout Tower |
| 14:12 | Scout Tower |
| 14:15 | Scout Tower |
| 14:16 | Scout Tower |
| 14:16 | Scout Tower |
| 14:17 | Scout Tower |
| 14:18 | Scout Tower |
| 14:18 | Scout Tower |
| 14:19 | Scout Tower |
| 14:20 | Scout Tower |
| 14:21 | Scout Tower |
| 14:21 | Scout Tower |
| 14:22 | Scout Tower |
| 14:22 | Scout Tower |
| 14:23 | Scout Tower |
| 14:24 | Scout Tower |
| 14:24 | Scout Tower |
| 14:25 | Scout Tower |
| 14:26 | Scout Tower |
| 15:05 | Cleaving Attack |
| 15:42 | Guard Tower |
| 15:44 | Guard Tower |
| 16:29 | Guard Tower |
| 16:39 | Guard Tower |
| 16:45 | Orb of Lightning |
| 16:46 | Lesser Clarity Potion |
| 16:46 | Healing Salve |
| 16:54 | Lesser Clarity Potion |
| 16:54 | Flame Strike |
| 17:21 | Guard Tower |
| 17:35 | Rain of Fire |
| 17:51 | Guard Tower |
| 18:24 | Boots of Speed |
| 18:27 | Staff of Teleportation |
| 19:20 | Arcane Sanctum |
| 19:35 | Guard Tower |
| 20:17 | Brilliance Aura |
| 21:39 | Staff of Teleportation |
| 21:56 | Scout Tower |
| 21:57 | Scout Tower |
| 21:57 | Scout Tower |
| 21:58 | Scout Tower |
| 21:58 | Scout Tower |
| 22:08 | Sorceress |
| 22:08 | Sorceress Master Training |
| 22:20 | Scout Tower |
| 22:21 | Scout Tower |
| 22:21 | Scout Tower |
| 22:22 | Scout Tower |
| 22:24 | Scout Tower |
| 22:26 | Scout Tower |
| 22:27 | Scout Tower |
| 22:31 | Scout Tower |
| 22:31 | Scout Tower |
| 22:31 | Scout Tower |
| 22:42 | Guard Tower |
| 22:43 | Scout Tower |
| 22:44 | Scout Tower |
| 22:45 | Scout Tower |
| 22:46 | Scout Tower |
| 22:46 | Scout Tower |
| 22:47 | Scout Tower |
| 22:48 | Scout Tower |
| 22:48 | Scout Tower |
| 22:49 | Scout Tower |
| 22:49 | Scout Tower |
| 22:50 | Scout Tower |
| 22:50 | Scout Tower |
| 22:52 | Scout Tower |
| 22:52 | Scout Tower |
| 22:53 | Scout Tower |
| 22:53 | Scout Tower |
| 22:55 | Scout Tower |
| 22:55 | Scout Tower |
| 22:56 | Scout Tower |
| 22:56 | Scout Tower |
| 22:57 | Scout Tower |
| 22:58 | Scout Tower |
| 23:00 | Scout Tower |
| 23:01 | Scout Tower |
| 23:01 | Scout Tower |
| 23:04 | Scout Tower |
| 23:04 | Scout Tower |
| 23:05 | Scout Tower |
| 23:05 | Scout Tower |
| 23:06 | Scout Tower |
| 23:06 | Scout Tower |
| 23:07 | Scout Tower |
| 23:07 | Scout Tower |
| 23:08 | Scout Tower |
| 23:09 | Scout Tower |
| 23:09 | Scout Tower |
| 23:10 | Scout Tower |
| 23:10 | Scout Tower |
| 23:11 | Scout Tower |
| 23:13 | Scout Tower |
| 23:13 | Scout Tower |
| 23:15 | Scout Tower |
| 23:16 | Guard Tower |
| 23:18 | Lesser Clarity Potion |
| 23:19 | Staff of Sanctuary |
| 23:20 | Staff of Sanctuary |
| 23:22 | Scroll of Town Portal |
| 23:22 | Scroll of Regeneration |
| 23:33 | Guard Tower |
| 23:37 | Scout Tower |
| 23:37 | Scout Tower |
| 23:38 | Scout Tower |
| 23:38 | Scout Tower |
| 23:39 | Scout Tower |
| 23:40 | Scout Tower |
| 23:40 | Scout Tower |
| 23:40 | Scout Tower |
| 23:41 | Scout Tower |
| 23:41 | Scout Tower |
| 23:42 | Scout Tower |
| 23:43 | Scout Tower |
| 23:44 | Scout Tower |
| 23:45 | Scout Tower |
| 23:45 | Scout Tower |
| 23:46 | Scout Tower |
| 23:46 | Scout Tower |
| 23:47 | Scout Tower |
| 23:47 | Scout Tower |
| 23:47 | Scout Tower |
| 23:49 | Scout Tower |
| 23:49 | Scout Tower |
| 23:50 | Scout Tower |
| 23:50 | Scout Tower |
| 23:51 | Scout Tower |
| 23:52 | Scout Tower |
| 23:52 | Scout Tower |
| 23:53 | Scout Tower |
| 24:01 | Guard Tower |
| 24:06 | Lumber Mill |
| 24:30 | Siphon Mana |
| 24:46 | Guard Tower |
| 25:49 | Cleaving Attack |
| 26:02 | Guard Tower |
| 26:03 | Guard Tower |
| 26:08 | Priest |
| 26:09 | Priest Adept Training |
| 26:27 | Orb of Lightning |
| Right click | 1058 |
| Select group | 493 |
| Select | 278 |
| Build/train/purchase | 164 |
| Use ability | 129 |
| Misc. action | 44 |
| Assign group | 21 |
| Item give/drop | 6 |


| Healing Salve | 4 | 400 |
| Lesser Clarity Potion | 1 | 70 |
| Orb of Lightning | 2 | 750 |
| Boots of Speed | 2 | 500 |
| Staff of Teleportation | 2 | 300 |
| total: | 11 | 2020g |
| Peon | 12 | 900 | / | 0 |
| Troll Batrider | 16 | 2560 | / | 640 |
| Goblin Shredder | 1 | 375 | / | 100 |
| total: | 29 | 3835g | / | 740w |
| Watch Tower | 55 | 6050 | / | 4400 |
| Altar of Storms | 1 | 180 | / | 50 |
| Orc Burrow | 3 | 480 | / | 120 |
| War Mill | 1 | 205 | / | 0 |
| Voodoo Lounge | 3 | 390 | / | 90 |
| Great Hall | 3 | 1155 | / | 555 |
| Beastiary | 7 | 1015 | / | 980 |
| Stronghold | 1 | 315 | / | 190 |
| Fortress | 1 | 325 | / | 190 |
| total: | 73 | 9475g | / | 6195w |
| 0:02 | Peon |
| 0:02 | Peon |
| 0:05 | Altar of Storms |
| 0:18 | Orc Burrow |
| 0:29 | Peon |
| 0:41 | Peon |
| 0:48 | War Mill |
| 0:54 | Peon |
| 1:05 | Voodoo Lounge |
| 1:12 | Peon |
| 1:28 | Peon |
| 1:42 | Orc Burrow |
| 1:45 | Peon |
| 2:00 | Watch Tower |
| 2:06 | Wind Walk |
| 2:09 | Peon |
| 2:12 | Healing Salve |
| 2:32 | Watch Tower |
| 2:58 | Peon |
| 2:58 | Peon |
| 3:18 | Watch Tower |
| 3:38 | Peon |
| 3:41 | Watch Tower |
| 3:54 | Stronghold |
| 4:10 | Boots of Speed |
| 4:14 | Staff of Teleportation |
| 4:30 | Watch Tower |
| 4:32 | Lesser Clarity Potion |
| 4:41 | Orc Burrow |
| 4:49 | Watch Tower |
| 5:25 | Watch Tower |
| 5:38 | Watch Tower |
| 6:26 | Critical Strike |
| 6:33 | Watch Tower |
| 6:38 | Healing Salve |
| 6:42 | Beastiary |
| 7:13 | Fortress |
| 7:20 | Hex |
| 7:27 | Watch Tower |
| 7:48 | Beastiary |
| 8:03 | Troll Batrider |
| 8:16 | Voodoo Lounge |
| 8:17 | Voodoo Lounge |
| 8:22 | Reinforced Defenses |
| 8:38 | Troll Batrider |
| 9:10 | Troll Batrider |
| 9:30 | Troll Batrider |
| 9:37 | Liquid Fire |
| 9:45 | Goblin Shredder |
| 10:35 | Wind Walk |
| 10:55 | Steel Ranged Weapons |
| 10:58 | Watch Tower |
| 11:01 | Watch Tower |
| 11:03 | Watch Tower |
| 11:06 | Watch Tower |
| 11:13 | Healing Wave |
| 12:11 | Watch Tower |
| 12:12 | Watch Tower |
| 12:19 | Watch Tower |
| 12:28 | Watch Tower |
| 13:28 | Great Hall |
| 13:29 | Watch Tower |
| 13:31 | Watch Tower |
| 13:33 | Watch Tower |
| 13:36 | Steel Armor |
| 13:36 | Spiked Barricades |
| 13:47 | Watch Tower |
| 14:14 | Orb of Lightning |
| 14:15 | Healing Salve |
| 14:22 | Watch Tower |
| 14:35 | Watch Tower |
| 14:37 | Watch Tower |
| 14:39 | Watch Tower |
| 14:40 | Watch Tower |
| 14:53 | Beastiary |
| 14:55 | Beastiary |
| 15:06 | Boots of Speed |
| 15:06 | Staff of Teleportation |
| 15:51 | Watch Tower |
| 15:52 | Watch Tower |
| 15:56 | Watch Tower |
| 15:57 | Watch Tower |
| 16:26 | Healing Wave |
| 16:58 | Critical Strike |
| 18:11 | Beastiary |
| 18:33 | Great Hall |
| 18:34 | Watch Tower |
| 18:36 | Watch Tower |
| 18:37 | Watch Tower |
| 18:39 | Troll Batrider |
| 19:01 | Watch Tower |
| 19:17 | Beastiary |
| 19:20 | Troll Batrider |
| 19:55 | Hex |
| 19:58 | Watch Tower |
| 19:59 | Watch Tower |
| 20:00 | Watch Tower |
| 20:15 | Watch Tower |
| 20:55 | Watch Tower |
| 20:57 | Watch Tower |
| 21:07 | Watch Tower |
| 21:08 | Watch Tower |
| 21:10 | Watch Tower |
| 21:15 | Orb of Lightning |
| 21:20 | Watch Tower |
| 21:23 | Troll Batrider |
| 21:31 | Troll Batrider |
| 21:33 | Troll Batrider |
| 21:42 | Troll Batrider |
| 21:56 | Troll Batrider |
| 21:58 | Thorium Ranged Weapons |
| 22:18 | Watch Tower |
| 22:19 | Watch Tower |
| 22:20 | Watch Tower |
| 23:07 | Troll Batrider |
| 23:17 | Troll Batrider |
| 23:22 | Wind Walk |
| 23:30 | Troll Batrider |
| 23:35 | Watch Tower |
| 24:06 | Healing Wave |
| 24:10 | Healing Salve |
| 24:18 | Troll Batrider |
| 24:45 | Watch Tower |
| 24:47 | Watch Tower |
| 24:49 | Watch Tower |
| 25:25 | Arcanite Ranged Weapons |
| 25:25 | Thorium Armor |
| 25:25 | Improved Spiked Barricades |
| 26:16 | Troll Batrider |
| 26:25 | Bladestorm |
| 26:30 | Beastiary |
| 26:44 | Great Hall |
| 26:46 | Watch Tower |
| 26:49 | Watch Tower |
| 26:51 | Watch Tower |
| Right click | 1583 |
| Select | 589 |
| Select group | 398 |
| Misc. action | 104 |
| Use ability | 102 |
| Build/train/purchase | 92 |
| Chat | 62 |
| Assign group | 20 |
| Minimap ping | 5 |
| Item give/drop | 4 |
| Esc | 4 |
203 units @ 29.4k
/ 4.4k
86 buildings @ 12.1k
/ 5.5k


| Scroll of Regeneration | 3 | 300 |
| Potion of Mana | 1 | 200 |
| Potion of Healing | 1 | 150 |
| Potion of Lesser Invulnerability | 1 | 150 |
| total: | 6 | 800g |
| Peasant | 16 | 1200 | / | 0 |
| Footman | 4 | 540 | / | 0 |
| Rifleman | 10 | 2050 | / | 300 |
| Siege Engine | 6 | 1170 | / | 360 |
| total: | 36 | 4960g | / | 660w |
| Scout Tower | 7 | 210 | / | 140 |
| Arcane Tower | 4 | 280 | / | 200 |
| Guard Tower | 2 | 140 | / | 100 |
| Altar of Kings | 1 | 180 | / | 50 |
| Barracks | 1 | 160 | / | 60 |
| Farm | 14 | 1120 | / | 280 |
| Arcane Vault | 1 | 130 | / | 30 |
| Lumber Mill | 1 | 120 | / | 0 |
| Blacksmith | 1 | 140 | / | 60 |
| Town Hall | 1 | 385 | / | 205 |
| Workshop | 3 | 420 | / | 420 |
| Keep | 1 | 320 | / | 210 |
| Castle | 1 | 360 | / | 210 |
| total: | 30 | 2865g | / | 1245w |
| 0:02 | Peasant |
| 0:02 | Peasant |
| 0:09 | Altar of Kings |
| 0:24 | Barracks |
| 0:28 | Farm |
| 0:35 | Farm |
| 0:37 | Farm |
| 0:40 | Peasant |
| 0:52 | Peasant |
| 1:09 | Peasant |
| 1:19 | Peasant |
| 1:32 | Scout Tower |
| 1:34 | Footman |
| 1:45 | Peasant |
| 1:56 | Farm |
| 2:00 | Arcane Tower |
| 2:03 | Peasant |
| 2:11 | Summon Water Elemental |
| 2:18 | Arcane Vault |
| 2:37 | Footman |
| 2:39 | Peasant |
| 2:39 | Peasant |
| 2:39 | Peasant |
| 2:54 | Farm |
| 3:01 | Footman |
| 3:37 | Brilliance Aura |
| 3:38 | Footman |
| 3:42 | Lumber Mill |
| 3:45 | Blacksmith |
| 3:53 | Peasant |
| 3:53 | Peasant |
| 4:35 | Keep |
| 4:38 | Scout Tower |
| 4:52 | Arcane Tower |
| 5:36 | Town Hall |
| 5:41 | Scroll of Regeneration |
| 5:48 | Summon Water Elemental |
| 5:55 | Rifleman |
| 5:59 | Farm |
| 6:05 | Scout Tower |
| 6:54 | Guard Tower |
| 7:07 | Peasant |
| 7:08 | Peasant |
| 7:08 | Peasant |
| 7:09 | Improved Lumber Harvesting |
| 8:02 | Rifleman |
| 8:03 | Rifleman |
| 8:05 | Castle |
| 8:28 | Rifleman |
| 8:31 | Workshop |
| 8:42 | Storm Bolt |
| 9:06 | Workshop |
| 9:09 | Workshop |
| 9:13 | Brilliance Aura |
| 9:25 | Scout Tower |
| 9:50 | Scroll of Regeneration |
| 9:53 | Potion of Mana |
| 9:53 | Potion of Healing |
| 9:59 | Iron Plating |
| 9:59 | Black Gunpowder |
| 10:02 | Scout Tower |
| 10:20 | Rifleman |
| 10:31 | Arcane Tower |
| 10:33 | Barrage |
| 10:53 | Siege Engine |
| 10:55 | Farm |
| 10:57 | Farm |
| 10:58 | Farm |
| 10:59 | Farm |
| 11:06 | Rifleman |
| 11:36 | Siege Engine |
| 11:42 | Rifleman |
| 11:46 | Thunder Clap |
| 12:11 | Siege Engine |
| 12:27 | Advanced Lumber Harvesting |
| 12:45 | Rifleman |
| 12:45 | Long Rifles |
| 12:47 | Siege Engine |
| 12:56 | Potion of Lesser Invulnerability |
| 13:12 | Rifleman |
| 13:13 | Rifleman |
| 13:25 | Siege Engine |
| 13:26 | Farm |
| 13:43 | Storm Bolt |
| 14:08 | Siege Engine |
| 14:20 | Farm |
| 14:21 | Farm |
| 14:23 | Improved Masonry |
| 14:31 | Scroll of Regeneration |
| 15:05 | Farm |
| 15:07 | Scout Tower |
| 15:08 | Scout Tower |
| 15:25 | Steel Plating |
| Select group | 1084 |
| Right click | 998 |
| Assign group | 390 |
| Select | 285 |
| Build/train/purchase | 114 |
| Misc. action | 89 |
| Minimap ping | 28 |
| Use ability | 22 |
| Chat | 14 |
| Item give/drop | 5 |
| Resource trade | 4 |


| Lesser Clarity Potion | 1 | 70 |
| Orb of Venom | 1 | 325 |
| Dust of Appearance | 1 | 75 |
| Scroll of Town Portal | 1 | 350 |
| total: | 4 | 820g |
| Wisp | 43 | 2580 | / | 0 |
| Archer | 6 | 780 | / | 60 |
| Huntress | 3 | 585 | / | 60 |
| Chimaera | 16 | 5280 | / | 1120 |
| total: | 68 | 9225g | / | 1240w |
| Ancient Protector | 4 | 540 | / | 320 |
| Altar of Elders | 1 | 180 | / | 50 |
| Moon Well | 8 | 1440 | / | 320 |
| Ancient of War | 1 | 150 | / | 60 |
| Hunter's Hall | 2 | 420 | / | 200 |
| Ancient of Wonders | 1 | 90 | / | 30 |
| Tree of Life | 2 | 680 | / | 370 |
| Ancient of Wind | 1 | 150 | / | 140 |
| Chimaera Roost | 4 | 560 | / | 760 |
| Tree of Ages | 3 | 960 | / | 540 |
| Tree of Eternity | 1 | 330 | / | 200 |
| total: | 24 | 4210g | / | 2250w |
| 0:07 | Wisp |
| 0:08 | Wisp |
| 0:08 | Wisp |
| 0:28 | Altar of Elders |
| 0:40 | Wisp |
| 0:47 | Moon Well |
| 1:05 | Wisp |
| 1:46 | Wisp |
| 1:53 | Moon Well |
| 2:08 | Ancient of War |
| 2:11 | Wisp |
| 2:11 | Wisp |
| 2:23 | Wisp |
| 2:59 | Hunter's Hall |
| 3:01 | Wisp |
| 3:24 | Mana Burn |
| 3:32 | Wisp |
| 3:33 | Wisp |
| 3:47 | Archer |
| 3:52 | Hunter's Hall |
| 3:53 | Wisp |
| 4:08 | Ancient of Wonders |
| 4:12 | Wisp |
| 4:20 | Archer |
| 4:28 | Wisp |
| 4:36 | Moon Well |
| 4:45 | Archer |
| 5:06 | Ancient Protector |
| 5:10 | Ancient Protector |
| 5:11 | Archer |
| 5:17 | Lesser Clarity Potion |
| 5:17 | Dust of Appearance |
| 5:44 | Ancient Protector |
| 5:46 | Wisp |
| 5:46 | Wisp |
| 6:01 | Wisp |
| 6:19 | Archer |
| 6:48 | Moon Well |
| 6:51 | Huntress |
| 6:53 | Tree of Ages |
| 6:56 | Wisp |
| 6:57 | Wisp |
| 7:32 | Evasion |
| 7:59 | Tree of Ages |
| 8:02 | Huntress |
| 8:17 | Tree of Life |
| 8:23 | Ancient Protector |
| 9:05 | Sentinel |
| 9:16 | Mana Burn |
| 9:32 | Tree of Life |
| 9:45 | Archer |
| 10:15 | Huntress |
| 10:19 | Moon Well |
| 10:24 | Wisp |
| 10:24 | Wisp |
| 11:05 | Tree of Eternity |
| 12:46 | Ancient of Wind |
| 12:50 | Wisp |
| 12:50 | Wisp |
| 12:50 | Wisp |
| 12:52 | Wisp |
| 12:56 | Wisp |
| 12:56 | Wisp |
| 12:56 | Wisp |
| 12:56 | Wisp |
| 12:56 | Wisp |
| 13:26 | Trueshot Aura |
| 13:40 | Wisp |
| 13:41 | Wisp |
| 13:51 | Evasion |
| 14:05 | Wisp |
| 14:05 | Wisp |
| 14:05 | Wisp |
| 14:05 | Wisp |
| 14:12 | Chimaera Roost |
| 14:16 | Chimaera Roost |
| 14:20 | Chimaera Roost |
| 14:23 | Chimaera Roost |
| 14:39 | Wisp |
| 14:39 | Wisp |
| 15:22 | Strength of the Wild |
| 15:23 | Reinforced Hides |
| 15:29 | Moon Well |
| 15:34 | Orb of Venom |
| 15:35 | Scroll of Town Portal |
| 15:50 | Chimaera |
| 16:33 | Chimaera |
| 16:35 | Wisp |
| 16:36 | Wisp |
| 16:36 | Wisp |
| 16:36 | Wisp |
| 16:40 | Corrosive Breath |
| 17:58 | Chimaera |
| 18:30 | Chimaera |
| 18:31 | Chimaera |
| 18:31 | Chimaera |
| 18:31 | Chimaera |
| 18:32 | Chimaera |
| 18:32 | Chimaera |
| 18:32 | Chimaera |
| 18:38 | Moon Well |
| 18:40 | Moon Well |
| 19:13 | Tree of Ages |
| 19:34 | Searing Arrows |
| 19:55 | Chimaera |
| 20:03 | Chimaera |
| 20:57 | Mana Burn |
| 20:59 | Trueshot Aura |
| 21:04 | Chimaera |
| 21:42 | Improved Strength of the Wild |
| 21:47 | Chimaera |
| 23:42 | Chimaera |
| 24:59 | Chimaera |
| Right click | 1489 |
| Select | 347 |
| Select group | 108 |
| Build/train/purchase | 105 |
| Misc. action | 70 |
| Use ability | 39 |
| Chat | 39 |
| Assign group | 12 |
| Minimap ping | 11 |
| Remove unit | 6 |
| Item give/drop | 3 |


| Potion of Healing | 2 | 300 |
| Boots of Speed | 1 | 250 |
| Periapt of Vitality | 1 | 325 |
| Circlet of Nobility | 1 | 175 |
| total: | 5 | 1050g |
| Acolyte | 13 | 975 | / | 0 |
| Ghoul | 6 | 720 | / | 0 |
| Crypt Fiend | 20 | 4300 | / | 800 |
| total: | 39 | 5995g | / | 800w |
| Spirit Tower | 1 | 145 | / | 40 |
| Ziggurat | 9 | 1350 | / | 450 |
| Altar of Darkness | 1 | 180 | / | 50 |
| Crypt | 1 | 200 | / | 50 |
| Graveyard | 1 | 215 | / | 0 |
| Tomb of Relics | 1 | 130 | / | 30 |
| Temple of the Damned | 1 | 155 | / | 140 |
| Slaughterhouse | 1 | 140 | / | 135 |
| Halls of the Dead | 1 | 320 | / | 210 |
| Black Citadel | 1 | 325 | / | 230 |
| total: | 15 | 2370g | / | 855w |
| 0:17 | Acolyte |
| 0:17 | Acolyte |
| 0:19 | Acolyte |
| 0:33 | Acolyte |
| 0:38 | Ziggurat |
| 0:44 | Ziggurat |
| 1:05 | Ziggurat |
| 1:19 | Altar of Darkness |
| 1:43 | Ziggurat |
| 1:46 | Ziggurat |
| 2:40 | Crypt |
| 3:17 | Acolyte |
| 3:35 | Sleep |
| 3:42 | Ghoul |
| 3:42 | Ghoul |
| 3:49 | Ziggurat |
| 3:57 | Graveyard |
| 4:23 | Ghoul |
| 4:54 | Tomb of Relics |
| 5:12 | Ziggurat |
| 5:43 | Ziggurat |
| 6:41 | Halls of the Dead |
| 6:49 | Crypt Fiend |
| 6:49 | Crypt Fiend |
| 6:50 | Crypt Fiend |
| 7:14 | Crypt Fiend |
| 7:26 | Crypt Fiend |
| 7:46 | Crypt Fiend |
| 8:52 | Crypt Fiend |
| 9:12 | Carrion Swarm |
| 9:35 | Potion of Healing |
| 9:37 | Potion of Healing |
| 9:42 | Creature Attack |
| 9:47 | Burrow |
| 9:53 | Temple of the Damned |
| 11:07 | Crypt Fiend |
| 11:07 | Crypt Fiend |
| 11:27 | Healing Spray |
| 12:27 | Vampiric Aura |
| 13:07 | Web |
| 13:40 | Chemical Rage |
| 14:17 | Ziggurat |
| 14:20 | Necromancer Adept Training |
| 14:23 | Boots of Speed |
| 14:29 | Periapt of Vitality |
| 14:44 | Circlet of Nobility |
| 15:00 | Acolyte |
| 15:00 | Acolyte |
| 15:01 | Acolyte |
| 15:03 | Acolyte |
| 18:10 | Crypt Fiend |
| 18:10 | Crypt Fiend |
| 18:21 | Acolyte |
| 18:21 | Acolyte |
| 18:22 | Acolyte |
| 18:22 | Acolyte |
| 18:55 | Crypt Fiend |
| 18:55 | Crypt Fiend |
| 20:00 | Crypt Fiend |
| 20:16 | Crypt Fiend |
| 21:55 | Ghoul |
| 21:55 | Ghoul |
| 21:56 | Ghoul |
| 22:01 | Slaughterhouse |
| 22:04 | Black Citadel |
| 24:47 | Vampiric Aura |
| 26:06 | Spirit Tower |
| 26:25 | Crypt Fiend |
| 26:26 | Crypt Fiend |
| 26:26 | Crypt Fiend |
| 26:28 | Crypt Fiend |
| 26:29 | Crypt Fiend |
| Right click | 843 |
| Select | 303 |
| Build/train/purchase | 69 |
| Use ability | 32 |
| Misc. action | 7 |
| Item give/drop | 2 |
| Remove unit | 2 |

| Acolyte | 16 | 1200 | / | 0 |
| Ghoul | 10 | 1200 | / | 0 |
| Crypt Fiend | 11 | 2365 | / | 440 |
| Abomination | 11 | 2640 | / | 770 |
| Gargoyle | 3 | 525 | / | 90 |
| Mortar Team | 3 | 540 | / | 210 |
| Flying Machine | 1 | 100 | / | 30 |
| Peasant | 3 | 225 | / | 0 |
| Siege Engine | 2 | 390 | / | 120 |
| total: | 60 | 9185g | / | 1660w |
| Nerubian Tower | 2 | 200 | / | 40 |
| Spirit Tower | 1 | 145 | / | 40 |
| Altar of Darkness | 1 | 180 | / | 50 |
| Ziggurat | 10 | 1500 | / | 500 |
| Crypt | 1 | 200 | / | 50 |
| Graveyard | 1 | 215 | / | 0 |
| Temple of the Damned | 1 | 155 | / | 140 |
| Slaughterhouse | 3 | 420 | / | 405 |
| Halls of the Dead | 1 | 320 | / | 210 |
| Black Citadel | 1 | 325 | / | 230 |
| total: | 17 | 2670g | / | 1145w |
| 0:07 | Altar of Darkness |
| 0:17 | Ziggurat |
| 0:21 | Crypt |
| 0:32 | Acolyte |
| 0:48 | Acolyte |
| 1:24 | Ghoul |
| 1:25 | Ghoul |
| 1:36 | Graveyard |
| 1:46 | Ziggurat |
| 1:54 | Ghoul |
| 2:06 | Ghoul |
| 2:21 | Frost Armor |
| 2:51 | Ziggurat |
| 3:02 | Ziggurat |
| 3:33 | Crypt Fiend |
| 3:34 | Crypt Fiend |
| 3:56 | Nerubian Tower |
| 4:01 | Nerubian Tower |
| 4:07 | Creature Attack |
| 4:20 | Crypt Fiend |
| 5:01 | Halls of the Dead |
| 5:26 | Ziggurat |
| 5:41 | Ghoul |
| 5:44 | Crypt Fiend |
| 5:52 | Creature Carapace |
| 6:27 | Crypt Fiend |
| 6:56 | Crypt Fiend |
| 7:41 | Frost Nova |
| 7:53 | Acolyte |
| 8:02 | Temple of the Damned |
| 8:04 | Web |
| 8:13 | Slaughterhouse |
| 8:17 | Slaughterhouse |
| 8:22 | Acolyte |
| 8:25 | Black Citadel |
| 8:28 | Crypt Fiend |
| 8:35 | Improved Creature Attack |
| 9:09 | Ziggurat |
| 9:39 | Slaughterhouse |
| 10:06 | Crypt Fiend |
| 10:47 | Acolyte |
| 10:48 | Acolyte |
| 10:48 | Acolyte |
| 10:48 | Acolyte |
| 10:57 | Ziggurat |
| 10:59 | Ziggurat |
| 11:08 | Abomination |
| 11:13 | Disease Cloud |
| 11:23 | Ghoul |
| 12:30 | Abomination |
| 13:03 | Frost Armor |
| 13:37 | Abomination |
| 13:45 | Ziggurat |
| 13:46 | Spirit Tower |
| 14:46 | Abomination |
| 14:47 | Abomination |
| 16:28 | Acolyte |
| 16:28 | Acolyte |
| 16:28 | Acolyte |
| 16:28 | Acolyte |
| 16:29 | Acolyte |
| 17:20 | Crypt Fiend |
| 17:24 | Abomination |
| 17:29 | Unholy Strength |
| 17:30 | Unholy Armor |
| 18:31 | Siege Engine |
| 18:32 | Siege Engine |
| 19:48 | Mortar Team |
| 19:48 | Mortar Team |
| 20:59 | Dark Ritual |
| 21:27 | Mortar Team |
| 21:28 | Flying Machine |
| 21:33 | Peasant |
| 21:33 | Peasant |
| 21:34 | Peasant |
| 21:37 | Abomination |
| 21:37 | Abomination |
| 21:37 | Abomination |
| 21:45 | Crypt Fiend |
| 21:45 | Crypt Fiend |
| 22:22 | Improved Unholy Strength |
| 22:23 | Improved Unholy Armor |
| 22:40 | Acolyte |
| 23:05 | Ziggurat |
| 25:08 | Abomination |
| 25:08 | Abomination |
| 25:15 | Acolyte |
| 25:15 | Acolyte |
| 25:38 | Gargoyle |
| 25:38 | Gargoyle |
| 25:38 | Gargoyle |
| 26:00 | Ghoul |
| 26:00 | Ghoul |
| 26:00 | Ghoul |
| 26:00 | Ghoul |
| Right click | 298 |
| Select | 189 |
| Build/train/purchase | 81 |
| Misc. action | 52 |
| Use ability | 7 |
| Remove unit | 5 |
| Resource trade | 5 |
⇛